 Dungeon Crawl Stone Soup version 0.24.1-4-ge52af88ad5 (webtiles) character file.

Game seed: 4533102060214104520, levelgen mode: deterministic

12779 MajorAdolf the Protected (level 11, -2/100 HPs)
             Began as a Naga Wanderer on Apr 13, 2020.
             Was an Initiate of Gozag.
             Slain by an orc warrior
             ... wielding a +0 scimitar
              (10 damage)
             ... on level 12 of the Dungeon.
             The game lasted 00:36:25 (19053 turns).

MajorAdolf the Protected (Naga Wanderer)           Turns: 19053, Time: 00:36:25

Health: -2/100     AC: 15    Str: 26      XL:     11   Next: 98%
Magic:  16/16      EV:  7    Int: 13      God:    Gozag
Gold:   647        SH:  0    Dex:  6 (10) Spells: 14/14 levels left

rFire    . . .     SeeInvis +   O - +0 war axe
rCold    . . .     Gourm    .   (no shield)
rNeg     . . .     Faith    .   g - +0 plate armour
rPois    +         Spirit   .   j - +1 helmet
rElec    .         Reflect  .   (no cloak)
rCorr    .         Harm     .   (no gloves)
MR       +....                  (no barding)
Stlth    ..........             v - amulet of magic regeneration
HPRegen  0.26/turn              C - +5 ring of strength
MPRegen  0.40/turn              M - +3 ring of strength

@: confused, very slow
A: large, see invisible, deformed body, poison resistance, slowness 2, slow
metabolism 1, spit poison 1, AC +3
a: Spit Poison, Potion Petition, Call Merchant, Bribe Branch, Renounce Religion


You were on level 12 of the Dungeon.
You worshipped Gozag.
Gozag was pleased with you.
You were not hungry.

You visited 3 branches of the dungeon, and saw 14 of its levels.
You also visited: Sewer and Gauntlet.

You collected 1449 gold pieces.
You spent 154 gold pieces at shops.
You paid 648 gold pieces to Gozag.

Inventory:

Hand Weapons
 l - a +2 dagger of venom
 t - a +2 hand axe of freezing
 O - a +0 war axe (weapon)
Missiles
 m - 78 poisoned darts (quivered)
Armour
 g - a +0 plate armour (worn)
 j - a +1 helmet (worn)
 n - a +0 chain mail
Jewellery
 v - an amulet of magic regeneration (around neck)
 C - a +5 ring of strength (left hand)
 E - an uncursed ring of protection from cold
 M - a +3 ring of strength (right hand)
Wands
 d - a wand of polymorph (7)
 e - a wand of digging (10)
 u - a wand of flame (14)
Scrolls
 h - 2 scrolls of blinking
 k - 5 scrolls of remove curse
 p - a scroll of identify
 q - 2 scrolls of acquirement {unknown}
 w - a scroll of teleportation
 y - 3 scrolls of fear {unknown}
 A - 2 scrolls of fog
 D - a scroll of immolation {unknown}
 G - a scroll of enchant weapon {unknown}
 I - 4 scrolls of random uselessness {unknown}
 J - a scroll of summoning {unknown}
 L - 2 scrolls of vulnerability {unknown}
 N - a scroll of enchant armour
Potions
 a - 6 potions of flight
 c - 2 potions of magic
 i - 5 potions of haste
 o - 4 potions of brilliance
 r - a potion of resistance {unknown}
 s - a potion of cancellation {unknown}
 x - a potion of ambrosia
 z - 2 potions of curing {unknown}
 B - 3 potions of mutation
 F - a potion of agility
 H - 2 potions of berserk rage
Comestibles
 f - 12 rations


   Skills:
 + Level 7.1 Fighting
 + Level 9.3 Axes
   Level 1.0 Staves
 + Level 9.6 Armour
 + Level 5.8 Dodging
 - Level 4.4 Stealth
 - Level 2.0 Spellcasting
   Level 1.0 Fire Magic
 + Level 6.7 Evocations


You had 14 spell levels left.
You didn't know any spells.
Your spell library contained the following spells:

 Spells                   Type           Power        Failure   Level  Hunger
 Flame Tongue             Conj/Fire      #....        89%         1    ##.....
 Throw Flame              Conj/Fire      #.....       96%         2    ###....
 Ensorcelled Hibernation  Hex/Ice        #.....       98%         2    ###....
 Throw Frost              Conj/Ice       #.....       98%         2    ###....
 Conjure Flame            Conj/Fire      #.......     99%         3    ####...
 Inner Flame              Hex/Fire       #.......     99%         3    ####...
 Sticky Flame             Conj/Fire      #.......     100%        4    #####..
 Fireball                 Conj/Fire      #.........   100%        5    ######.


Dungeon Overview and Level Annotations

Branches:
Dungeon (12/15)            Temple (1/1) D:7            Lair (0/6) D:10
    Orc (1/2) D:9           Sewer (visited)         Gauntlet (visited)

Altars:
Ashenzari
Cheibriados
Dithmenos
Elyvilon
Fedhas
Gozag
Hepliaklqana
Kikubaaqudgha
Makhleb
Nemelex Xobeh
Okawaru
Qazlal
Ru
Sif Muna
Trog
Uskayaw
Vehumet
Wu Jian
Xom
Yredelemnul
Zin
The Shining One

Shops:
D:2 *   D:4 ?   D:11 [}

Annotations:
D:5 exclusion: downstairs
D:6 1 runed translucent door, Vazz's ghost, novice MiBe


Innate Abilities, Weirdness & Mutations

You cannot wear boots.
Your serpentine skin is tough. (AC +3)
You have supernaturally acute eyesight. (SInv)
Armour fits poorly on your strangely shaped body.
Your system is resistant to poisons. (rPois)
You cover ground very slowly.
You have a slow metabolism.
You can spit poison.


Message History

You slash the worker ant!
The worker ant is almost dead.
The worker ant bites you but does no damage.
The worker ant bites you.
* * * LOW HITPOINT WARNING * * *
You hit the worker ant.
The worker ant is almost dead.
The worker ant barely misses you.
Unknown command.
You are confused.
You feel invigorated.
The orc warrior hits you with a +0 scimitar!
* * * LOW HITPOINT WARNING * * *
The worker ant closely misses you.
Unknown command.
You bump into the rock wall.
The worker ant bites you but does no damage.
The orc warrior hits you with a +0 scimitar!
You die...
Your body crumbles into a pile of gold.

***+#.#,*,**,,,,,,,*,,,,* *,,**,
* *,#.#,*,**+****,,*,,,,* *,,**,
* *,#.#,*,,,,,,,,*,*,,,,* *,,**,
* *,#.#,*,,,.,,,,*,,,,,,* *,,**,
*,#.#+#....,,,,*,,....* *,,**,
***+#<.o...o.,,,,*,,....****,,*,,
#...y#$..###.,,***,,...,,,,,,,***
#..y.+o..+,+,,,#####)###****,**
#....*o..#**,,,#@a....$# *,*
#.y.y*...# *,,,#.o.....# *,*
.....*o..# ****#.......# *,*
.....*..o# #.......# *,*
.....*#### #######.# *,* ,,,,,*
*,# *,* ****** *,* *,* *,** *,*
*,,* *,*


You could see an orc warrior and a worker ant.

Vanquished Creatures
  Josephine (D:10)
  Erolcha (D:12)
  A two-headed ogre (D:6)
  An unseen horror (D:12)
  A cyclops (D:10)
  An ugly thing (D:11)
  A water nymph (D:10)
  A komodo dragon (D:12)
  A troll (D:9)
  Grinder (Sewer)
  5 hippogriffs
  2 hornets (D:10)
  Sigmund (D:2)
  A shadow (D:12)
  A wyvern (D:11)
  3 wraiths (D:10)
  A hungry ghost (D:7)
  2 soldier ants
  2 water moccasins
  4 orc warriors
  A floating eye (D:11)
  3 sky beasts
  3 black bears
  4 ice beasts
  3 phantoms
  A necrophage (D:11)
  8 centaurs
  2 ogres
  3 big kobolds
  5 bullfrogs
  A water moccasin zombie (D:5)
  2 scorpions
  2 wyvern skeletons
  6 killer bees (D:9)
  9 wights
  7 crimson imps
  2 centaur zombies
  3 quasits
  5 hounds
  5 jellies
  12 orc wizards
  A centaur skeleton (D:12)
  3 iguanas
  4 orc priests
  Jessica (D:2)
  Natasha (thrice) (D:3)
  4 worker ants
  A killer bee zombie (D:8)
  2 big kobold zombies (Sewer)
  A hound zombie (D:5)
  A hound skeleton (D:11)
  A worker ant zombie (D:6)
  Robin (D:2)
  11 adders
  A howler monkey skeleton (D:4)
  3 shadow imps
  An ufetubus (Sewer)
  An ooze (Sewer)
  A dart slug (D:2)
  3 worms
  7 leopard geckos
  43 orcs
  14 giant cockroaches
  15 hobgoblins
  10 jackals
  25 kobolds
  4 quokkas
  13 bats
  5 frilled lizards
  10 goblins
  5 kobold zombies (Sewer)
  A quokka skeleton (D:6)
  8 rats
323 creatures vanquished.

Vanquished Creatures (others)
  2 fungi (Gauntlet)
  3 plants (Gauntlet)
5 creatures vanquished.

Grand Total: 328 creatures vanquished

Notes
Turn   | Place    | Note
-------+----------+-------------------------------------------
     0 | D:1      | MajorAdolf the Naga Wanderer began the quest for the Orb.
     0 | D:1      | MajorAdolf set off with the following items: a +0
                  | quarterstaff, a +0 robe, a +0 dagger, a ration; and the
                  | following spell memorised: Flame Tongue; and the following
                  | spells available to memorise: Throw Flame, Ensorcelled
                  | Hibernation, Throw Frost, Conjure Flame, Inner Flame,
                  | Sticky Flame, Fireball
     0 | D:1      | Reached XP level 1. HP: 19/19 MP: 3/3
    50 | D:1      | Reached skill level 1 in Armour
   237 | D:1      | Reached XP level 2. HP: 16/26 MP: 5/5
   998 | D:1      | Reached XP level 3. HP: 32/32 MP: 6/6
  1392 | D:2      | Noticed Jessica
  1436 | D:2      | Killed Jessica
  1436 | D:2      | Reached XP level 4. HP: 39/39 MP: 7/7
  1617 | D:2      | Noticed Sigmund
  1624 | D:2      | Found a hide-covered altar of Uskayaw.
  1850 | D:2      | Noticed Robin
  1880 | D:2      | Killed Robin
  2328 | D:2      | Reached XP level 5. HP: 35/45 MP: 8/8
  2712 | D:2      | Found Zin's Purification Station.
  2715 | D:2      | Found a glowing silver altar of Zin.
  2841 | D:2      | Killed Sigmund
  2841 | D:2      | Reached skill level 5 in Armour
  2841 | D:2      | Reached XP level 6. HP: 52/52 MP: 9/9
  2923 | D:3      | Found a faded altar of an unknown god.
  3221 | D:3      | Found a radiant altar of Vehumet.
  3388 | D:3      | Noticed Natasha
  3393 | D:3      | Killed Natasha
  3398 | D:3      | Noticed Natasha
  3412 | D:3      | Killed Natasha
  3506 | D:3      | Noticed Natasha
  3622 | D:3      | Killed Natasha
  3880 | D:4      | Found a glowing drain.
  3884 | Sewer    | Entered a sewer
  3934 | Sewer    | Reached XP level 7. HP: 57/60 MP: 10/10
  4445 | Sewer    | Found an ancient bone altar of Kikubaaqudgha.
  4903 | Sewer    | Noticed Grinder
  4912 | Sewer    | Paralysed by Grinder for 7 turns
  4924 | Sewer    | Killed Grinder
  5267 | Sewer    | Reached XP level 8. HP: 33/67 MP: 11/11
  5896 | D:4      | Found Inowk's Magic Scroll Boutique.
  6037 | D:4      | Found a shimmering blue altar of Sif Muna.
  6149 | D:4      | Reached skill level 1 in Axes
  6476 | D:5      | Entered Level 5 of the Dungeon
  6822 | D:5      | Found a hazy altar of Hepliaklqana.
  6827 | D:5      | Found a sacrificial altar of Ru.
  6932 | D:5      | Found a burning altar of Makhleb.
  7198 | D:5      | Found a blossoming altar of Fedhas.
  7355 | D:6      | Noticed a two-headed ogre
  7397 | D:6      | Found a shadowy altar of Dithmenos.
  7580 | D:6      | Found a runed translucent door.
  7606 | D:7      | Reached skill level 5 in Axes
  7968 | D:7      | Reached XP level 9. HP: 71/73 MP: 12/12
  7993 | D:6      | Found a shimmering blue altar of Sif Muna.
  7993 | D:6      | Found a snail-covered altar of Cheibriados.
  8209 | D:7      | Found a staircase to the Ecumenical Temple.
  8223 | D:7      | Reached skill level 1 in Evocations
  8259 | Temple   | Entered the Ecumenical Temple
 10769 | D:9      | Reached XP level 10. HP: 65/85 MP: 13/13
 10892 | D:6      | Killed a two-headed ogre
 11104 | D:6      | Found a sparkling altar of Nemelex Xobeh.
 11105 | D:6      | Found an opulent altar of Gozag.
 11127 | D:6      | Became a worshipper of Gozag Ym Sagoz the Greedy
 11307 | D:6      | Noticed Vazz's ghost (novice MiBe)
 12426 | D:9      | Found a staircase to the Orcish Mines.
 13038 | D:9      | Reached skill level 5 in Fighting
 13529 | Orc:1    | Entered Level 1 of the Orcish Mines
 13789 | Orc:1    | Noticed an orc high priest
 13810 | Orc:1    | Noticed a smoke demon
 13812 | Orc:1    | Noticed a rust devil
 13898 | D:10     | Entered Level 10 of the Dungeon
 13976 | D:10     | Found a staircase to the Lair.
 14051 | D:10     | Noticed Josephine
 14058 | D:10     | Killed Josephine
 14058 | D:10     | Reached skill level 5 in Evocations
 14058 | D:10     | Reached XP level 11. HP: 69/97 MP: 14/14
 15231 | D:10     | Noticed a cyclops
 15258 | D:10     | Killed a cyclops
 15378 | D:11     | Noticed a red ugly thing
 15389 | D:11     | Killed a red ugly thing
 15560 | D:10     | Reached skill level 5 in Dodging
 15948 | D:10     | Noticed a two-headed ogre
 15950 | D:10     | a two-headed ogre changed into a water nymph
 16251 | D:10     | Paralysed by a hornet for 2 turns
 17350 | D:11     | Found Hituuh's Gadget Emporium.
 17358 | D:11     | Bought a wand of disintegration (10) for 154 gold pieces
 17857 | D:11     | Noticed a two-headed ogre
 17858 | D:11     | a two-headed ogre changed into a floating eye
 18231 | D:12     | Found a gate leading to a gauntlet.
 18238 | Gauntlet | Entered a Gauntlet
 18238 | Gauntlet | Found a transporter.
 18245 | Gauntlet | Noticed a death scarab
 18246 | Gauntlet | Found a transporter.
 18248 | Gauntlet | Found a transporter.
 18250 | Gauntlet | Found a transporter.
 18264 | Gauntlet | Noticed a soul eater
 18267 | Gauntlet | Found a transporter.
 18280 | Gauntlet | Found a transporter.
 18286 | Gauntlet | Found a transporter.
 18301 | Gauntlet | Noticed a wretched star
 18302 | Gauntlet | Found a transporter.
 18322 | Gauntlet | Found a transporter.
 18324 | Gauntlet | Noticed a blizzard demon
 18334 | Gauntlet | Found a transporter.
 18334 | Gauntlet | Noticed a hell hog
 18346 | Gauntlet | Found a transporter.
 18346 | Gauntlet | Noticed a catoblepas
 18358 | Gauntlet | Found a transporter.
 18370 | Gauntlet | Found a transporter.
 18387 | Gauntlet | Found a transporter.
 18405 | Gauntlet | Found a transporter.
 18407 | Gauntlet | Found a transporter.
 18408 | Gauntlet | Noticed a necromancer
 18439 | Gauntlet | Found a transporter.
 18441 | Gauntlet | Found a transporter.
 18561 | D:12     | Noticed Erolcha
 18570 | D:12     | Killed Erolcha
 19007 | D:12     | Noticed a cyclops
 19008 | D:12     | HP: 5/100 [cyclops/large rock (30)]
 19014 | D:12     | Noticed an unseen horror
 19017 | D:12     | Killed an unseen horror
 19052 | D:12     | HP: 4/100 [orc warrior/+0 scimitar (16)]
 19053 | D:12     | Slain by an orc warrior

Levels and vault maps discovered:
D:1:      lightli_arrival_farm, layout_loops_ring
D:2:      layout_loops_ring, eat_drink_and_be_merry_uskayaw, zin_purify,
          uniq_robin, uniq_jessica, uniq_sigmund
D:3:      layout_rooms, vehumet_crystals, chequers_ecumenical_altar_simple,
          uniq_natasha
D:4:      layout_basic, first_ration, gup_sewer_entry_spiral, serial_shops,
          shop, minmay_misc_feat_four_crosses, led_sif_book
D:5:      layout_loops_ring, minitemple, kennysheep_mini, serial_bayou_ford_a,
          uniq_grinder
D:6:      layout_basic, grunt_temple_overflow_opulence,
          grunt_temple_overflow_open, nicolae_dithmenos_through_a_glass_darkly,
          hellmonk_ghost_happy_afterlife
D:7:      layout_loops_ring, minmay_temple_entry_arrows
D:8:      layout_gridville
D:9:      layout_roguey, david_orc_2
D:10:     layout_basic, lair_entry_dummy, hangedman_pestilent_swarm,
          uniq_josephine
D:11:     layout_cave_pods, serial_shops, kennysheep_mini_moat
D:12:     layout_basic, gauntlet_entry_generic, serial_shops, shop,
          uniq_erolcha, uniq_kirke, uniq_urug
Temple:   cyrus_temple_forest
Orc:1:    layout_diamond_mine

Skill      XL: |  1  2  3  4  5  6  7  8  9 10 11 |
---------------+----------------------------------+-----
Armour         | 1 2 3 5 7 8 9 |  9.6
Axes           | 6 7 8 9 |  9.3
Evocations     | 3 5 6 |  6.7
Dodging        | 3 4 5 |  5.8
Fighting       | 3 5 7 |  7.1
Staves         | |  1.0
Stealth        | |  4.4
Spellcasting   | |  2.0
Fire Magic     | |  1.0

Action                   |  1- 3 |  4- 6 |  7- 9 | 10-12 || total
-------------------------+-------+-------+-------+-------++-------
Melee: Unarmed           |    49 |       |       |     3 ||    52
       Short sword       |    20 |   196 |    13 |       ||   229
       Dagger            |       |       |   248 |    19 ||   267
       Hand axe          |       |       |   445 |   485 ||   930
       War axe           |       |       |       |   204 ||   204
Throw: Dart              |       |       |     5 |       ||     5
Invok: Call Merchant     |       |       |       |     1 ||     1
 Abil: Spit Poison       |    25 |     7 |    11 |     4 ||    47
Evoke: Wand              |       |       |     3 |    33 ||    36
  Use: Scroll            |       |     3 |    12 |     7 ||    22
       Potion            |       |     2 |     4 |     7 ||    13
 Stab: Sleeping          |     1 |     4 |       |       ||     5
       Paralysed         |       |       |       |    22 ||    22
       Distracted        |       |       |       |     4 ||     4
  Eat: Chunk             |     2 |     7 |    16 |     2 ||    27
       Ration            |       |       |     3 |     6 ||     9
Armor: Robe              |    16 |    40 |       |       ||    56
       Skin              |       |    24 |    31 |       ||    55
       Chain mail        |       |    64 |   322 |       ||   386
       Plate armour      |       |       |   210 |   511 ||   721
Dodge: Dodged            |    40 |    88 |   212 |   284 ||   624
